AoeStats
← Kaer Morhen

Arena

510156077Analyzed
4v4 RM · 3d ago on Sep 29, 2026· 54m 40s· 8 players
Game mode
Random Map
Map size
Large (8 player)
Population
200
Speed
Normal
Resources
Standard
Victory
Conquest
Starting age
Dark Age
Ending age
Imperial Age
RankedLock teamsTeams togetherTeam positionsShared explorationLock speedFull tech treeHidden civsTurbo modeCheats
Victory
Defeat
🇫🇮 Gurjaras · Finland
1277
+17
1269
+18
🇹🇷 Ethiopians · Türkiye
1255
+18
🇹🇼 Khmer · Taiwan
1174
+22
🇨🇿 Slavs · Czechia
1328
-20
🇵🇱 Japanese · Poland
1324
-19
🇵🇹 Tupi · Portugal
1324
-20
🇮🇱 Bengalis · Israel
1233
-16
smyracula
12:08 Feudal Age
13:08 Double-Bit Axe
16:56 Castle Age
14:45 Horse Collar
15:37 Gold Mining
17:30 Wheelbarrow
18:40 Bow Saw
24:26 Hand Cart
23:59 Loom
24:34 Hand Cart
24:04 Loom
24:28 Town Watch
25:46 Gold Shaft Mining
25:17 Heavy Plow
32:52 Imperial Age
35:17 Ballistics
35:58 Chemistry
34:42 Heavy Scorpion
36:46 Torsion Engines
40:32 Scale Mail Armor
40:43 Forging
51:30 Chain Mail Armor
51:51 Iron Casting
51:40 Conscription
50:40 Elite Shotel Warrior
53:11 Plate Mail Armor
55:09 Blast Furnace
kim.henrik.himanen69
12:32 Feudal Age
13:19 Double-Bit Axe
13:16 Horse Collar
13:30 Gold Mining
16:17 Castle Age
17:30 Bow Saw
17:39 Heavy Plow
20:36 Wheelbarrow
22:07 Hand Cart
24:20 Scale Barding Armor
24:41 Forging
24:45 Husbandry
24:55 Bloodlines
25:22 Bloodlines
27:00 Gold Shaft Mining
26:16 Stone Mining
28:54 Chain Barding Armor
29:10 Iron Casting
31:41 Imperial Age
31:49 Kshatriyas
32:46 Stone Shaft Mining
31:50 Heavy Camel Rider
33:09 Plate Barding Armor
33:35 Frontier Guards
35:12 Conscription
37:22 Crop Rotation
37:44 Fletching
39:20 Town Watch
39:21 Loom
42:03 Elite Chakram Thrower
43:18 Hoardings
43:35 Bodkin Arrow
44:44 Bracer
45:12 Ballistics
45:52 Chemistry
45:02 Masonry
47:42 Caravan
50:43 Architecture
49:53 Treadmill Crane
50:47 Architecture
51:57 Padded Archer Armor
51:58 Scale Mail Armor
asd40130069
11:10 Feudal Age
14:01 Castle Age
12:14 Double-Bit Axe
15:09 Bow Saw
16:25 Wheelbarrow
19:45 Horse Collar
20:26 Heavy Plow
21:12 Gold Mining
23:50 Gold Shaft Mining
23:59 Hand Cart
23:30 Loom
27:51 Imperial Age
27:09 Forging
27:05 Scale Barding Armor
28:00 Husbandry
28:45 Iron Casting
28:41 Coinage
28:38 Bloodlines
27:49 Light Cavalry
29:47 Chain Barding Armor
29:25 Hussar
32:42 Blast Furnace
32:17 Plate Barding Armor
31:56 Elite Skirmisher
33:36 Fletching
33:46 Padded Archer Armor
34:08 Ballistics
34:49 Chemistry
35:44 Conscription
36:05 Bodkin Arrow
36:26 Leather Archer Armor
38:43 Double Crossbow
40:49 Bracer
41:19 Ring Archer Armor
44:12 Crop Rotation
43:56 Masonry
43:56 Fortified Wall
43:48 Scale Mail Armor
43:21 Elite Ballista Elephant
49:34 Siege Engineers
50:00 Architecture
49:47 Chain Mail Armor
Сергей Петрович
10:54 Feudal Age
14:39 Castle Age
13:40 Double-Bit Axe
21:47 Wheelbarrow
25:07 Padded Archer Armor
26:13 Gold Mining
27:46 Fletching
29:31 Padded Archer Armor
30:17 Bodkin Arrow
32:11 Leather Archer Armor
32:47 Husbandry
32:48 Elite Skirmisher
35:01 Bloodlines
36:20 Ballistics
42:54 Imperial Age
43:22 Gold Shaft Mining
43:37 Bracer
44:40 Chemistry
44:18 Conscription
45:13 Cranequins
47:17 Heavy Mounted Crossbowman
50:28 Siege Engineers
51:41 Hand Cart
54:01 Scale Mail Armor
54:12 Forging
Mike
10:14 Feudal Age
14:15 Castle Age
12:11 Double-Bit Axe
12:22 Horse Collar
15:34 Bow Saw
18:56 Heavy Plow
19:12 Loom
20:30 Wheelbarrow
22:42 Hand Cart
22:58 Hand Cart
23:27 Gold Mining
23:28 Stone Mining
23:50 Fletching
24:01 Padded Archer Armor
23:58 Gold Mining
24:11 Town Watch
25:53 Gold Shaft Mining
29:32 Imperial Age
28:34 Bodkin Arrow
28:55 Leather Archer Armor
29:01 Ballistics
28:53 Fortified Wall
29:05 Ballistics
29:58 Elite Elephant Archer
30:40 Bracer
31:11 Ring Archer Armor
31:42 Chemistry
32:24 Paiks
36:39 Conscription
40:11 Coinage
42:33 Banking
47:56 Elite Skirmisher
Kaer Morhen
5:04 Loom
10:54 Feudal Age
14:48 Castle Age
13:06 Horse Collar
14:34 Double-Bit Axe
15:32 Wheelbarrow
18:27 Hand Cart
22:40 Bow Saw
22:41 Heavy Plow
25:38 Forging
26:42 Town Watch
29:54 Imperial Age
29:00 Scale Mail Armor
29:35 Iron Casting
28:59 Gold Mining
29:00 Stone Mining
29:42 Detinets
30:26 Gold Shaft Mining
30:24 Fortified Wall
30:38 Ballistics
30:49 Chain Mail Armor
31:12 Conscription
31:11 Masonry
31:10 Siege Engineers
32:06 Chemistry
31:44 Squires
32:39 Plate Mail Armor
33:09 Blast Furnace
31:48 Pikeman
33:18 Crop Rotation
32:44 Halberdier
32:57 Halberdier
36:04 Masonry
36:00 Druzhina
35:40 Capped Ram
36:09 Onager
38:06 Siege Onager
44:25 Scale Barding Armor
45:59 Chain Barding Armor
47:37 Bloodlines
47:28 Husbandry
48:05 Plate Barding Armor
47:24 Light Cavalry
48:18 Hussar
GoodFunHaveLuck
11:05 Feudal Age
14:52 Castle Age
13:24 Double-Bit Axe
18:26 Loom
20:16 Forging
22:25 Iron Casting
21:50 Scale Mail Armor
22:54 Arson
23:09 Squires
24:40 Horse Collar
25:05 Scale Mail Armor
31:19 Heavy Plow
31:31 Bow Saw
32:16 Pikeman
35:01 Wheelbarrow
37:43 Imperial Age
35:24 Fletching
36:20 Chain Mail Armor
37:44 Halberdier
38:49 Conscription
38:32 Yasama
38:46 Bodkin Arrow
40:01 Two-Man Saw
40:05 Bracer
40:14 Guard Tower
40:27 Arrowslits
41:03 Ballistics
41:45 Chemistry
42:53 Keep
50:32 Light Cavalry
BARAKA wins!
12:25 Feudal Age
13:44 Double-Bit Axe
16:26 Castle Age
14:47 Horse Collar
16:22 Gold Mining
17:34 Bow Saw
19:21 Gold Shaft Mining
18:53 Scale Mail Armor
20:46 Chain Mail Armor
22:01 Forging
23:36 Iron Casting
23:24 Squires
23:12 Arson
24:34 Heavy Plow
25:11 Pikeman
25:58 Loom
30:09 Wheelbarrow
32:29 Hand Cart
33:11 Stone Mining
35:57 Fletching
40:41 Imperial Age
38:10 Champi Runner
38:55 Bodkin Arrow
39:47 Caciques
42:11 Conscription
42:28 Hoardings
41:44 Onager
43:32 Two-Man Saw
42:47 Champi Warrior
44:46 Hoardings
43:47 Elite Champi Warrior
Connection lost

Rejoining the realm…

Still unreachable

The connection could not be restored.

Session expired

The server has moved on; the page needs a fresh start.